 Dungeon Crawl Stone Soup version 0.21-a0-442-g848f44b (webtiles) character file.

135 slep the Skirmisher (level 5, -2/43 HPs)
             Began as a Barachi Wanderer on Nov 17, 2017.
             Was an Initiate of Okawaru.
             Killed from afar by Natasha (8 damage)
             ... with a magic dart
             ... on level 3 of the Dungeon.
             The game lasted 00:10:06 (2528 turns).

slep the Skirmisher (Barachi Wanderer)              Turns: 2528, Time: 00:10:06

Health: -2/43      AC:  5    Str: 11    XL:     5   Next: 18%
Magic:  5/5        EV: 11    Int: 13    God:    Okawaru [......]
Gold:   63         SH:  0    Dex: 14    Spells: 4/4 levels left

rFire    . . .     SeeInvis .   o - +0 mace
rCold    . . .     Gourm    .   (no shield)
rNeg     . . .     Faith    .   q - +0 ring mail
rPois    .         Spirit   .   (no helmet)
rElec    .         Reflect  .   (no cloak)
rCorr    .         Harm     .   (no gloves)
MR       .....                  (no boots)
Stlth    +.........             (no amulet)
HPRegen  0.14/turn              (no ring)
MPRegen  0.09/turn              (no ring)

@: hasted, quick
A: +LOS, swims, slowness 1, strong legs 1
a: Hop, Renounce Religion


You were on level 3 of the Dungeon.
You worshipped Okawaru.
Okawaru was noncommittal.
You were hungry.

You visited 1 branch of the dungeon, and saw 3 of its levels.

You collected 63 gold pieces.

Inventory:

Hand Weapons
 e - a +0 dagger
 g - a +0 whip
 o - a +0 mace (weapon)
 v - a +0 dagger of venom
 y - a +0 falchion
Missiles
 x - 89 stones (quivered)
Armour
 d - a +0 robe
 q - a +0 ring mail (worn)
Jewellery
 B - a cursed -4 ring of strength {unknown}
Scrolls
 b - a scroll of fear
 i - a scroll of random uselessness {unknown}
 l - a scroll of enchant weapon {unknown}
 n - 2 scrolls of noise {unknown}
 p - 2 scrolls of identify {unknown}
 s - 2 scrolls of remove curse {unknown}
Potions
 a - a potion of haste
 c - a potion of curing
 h - a potion of brilliance {unknown}
 k - a potion of berserk rage {unknown}
 m - a potion of magic {unknown}
 r - 2 potions of lignification {unknown}
 t - a potion of degeneration {unknown}
 w - 2 potions of heal wounds {unknown}
 z - a potion of agility {unknown}
Comestibles
 f - a bread ration
 j - 4 fruits
 u - a royal jelly
 A - 3 chunks of flesh
 C - a meat ration


   Skills:
 + Level 4.9 Fighting
 + Level 2.3 Maces & Flails
 + Level 1.2 Throwing
 + Level 1.0 Armour
 + Level 2.2 Dodging
 * Level 2.0 Stealth
 + Level 3.4 Unarmed Combat
   Level 1.1 Evocations


You had 4 spell levels left.
You didn't know any spells.

Dungeon Overview and Level Annotations

Branches:
Dungeon (3/15)

Altars:
Okawaru

Annotations:
D:3 Natasha


Innate Abilities, Weirdness & Mutations

Shadows flee at your approach. (+LOS)
You can swim through water.
You cover ground slowly.
You can hop short distances.


Message History

The magic dart hits you!
* * * LOW HITPOINT WARNING * * *
You closely miss Natasha. Natasha claws you.
* * * LOW HITPOINT WARNING * * *
You feel better. Natasha claws you.
* * * LOW HITPOINT WARNING * * *
You hit Natasha.
Natasha is lightly wounded.
The shadow imp gestures at you. Pain shoots through your body!
* * * LOW HITPOINT WARNING * * *
You sock Natasha!
Natasha is heavily wounded.
Natasha casts a spell.
The shadow imp completely misses you.
The crimson imp blinks!
You hit Natasha.
Natasha is almost dead.
Natasha stares at you and mumbles some strange words.
The magic dart hits you!
You die...

###.#....... ........... #.
..........# .......
..........###.##...
........)..........
..................
.......5ยง.........
........h###...... ....# .
........5@....### ##....##
...######.......# ##.......
................# ##........
................###.........
................##..........
##..............#...........
............................
..............#.............
..............#.............


You could see Natasha and 2 shadow imps.

Vanquished Creatures
  4 gnolls
  2 adders (D:2)
  An ooze (D:2)
  2 worms (D:3)
  2 dart slugs
  2 leopard geckos
  An orc (D:3)
  5 ball pythons
  4 bats
  4 giant cockroaches
  6 goblins
  8 hobgoblins
  7 kobolds
  A quokka (D:3)
  4 frilled lizards
  10 rats
63 creatures vanquished.

Notes
Turn   | Place    | Note
-------+----------+-------------------------------------------
     0 | D:1      | slep the Barachi Wanderer began the quest for the Orb.
     0 | D:1      | slep set off with: a potion of haste, a scroll of fear, 2 potions of curing, a +0 robe, a +0 dagger, a bread ration
     0 | D:1      | Reached XP level 1. HP: 18/18 MP: 1/1
    28 | D:1      | Reached skill level 4 in Fighting
    82 | D:1      | Reached XP level 2. HP: 8/25 MP: 2/2
   768 | D:1      | Reached XP level 3. HP: 30/31 MP: 3/3
  1295 | D:2      | Reached skill level 1 in Maces & Flails
  1472 | D:2      | Reached XP level 4. HP: 22/38 MP: 4/4
  2328 | D:3      | Reached XP level 5. HP: 27/43 MP: 5/5
  2384 | D:3      | Found an iron altar of Okawaru.
  2399 | D:3      | Became a worshipper of Warmaster Okawaru
  2402 | D:3      | Reached skill level 1 in Armour
  2509 | D:3      | Noticed Natasha
  2524 | D:3      | HP: 1/43 [Natasha (2)]
  2528 | D:3      | Killed from afar by Natasha

Vault maps used:
D:1:      minmay_arrival_stone_box, serial_co_window_serial, co_window_corner_a,
          co_window_paths_a, co_window_corner_a, co_window_paths_b,
          co_window_paths_a, co_window_corner_b, co_window_cross_4,
          co_window_2corner, co_window_paths_c, glass_columns_a,
          glass_columns_b, glass_columns_a, glass_columns_a
D:2:      minmay_shallow_snake_nest
D:3:      okawaru_ov_weapons_minmay, nicolae_dithmenos_through_a_glass_darkly,
          uniq_natasha

Skill      XL: |  1  2  3  4  5 |
---------------+----------------+-----
Fighting       | 4 |  4.9
Maces & Flails | 1 2 |  2.3
Dodging        | 2 |  2.2
Stealth        | 2 |  2.0
Armour         | 1 |  1.0
Throwing       | |  1.2
Unarmed Combat | |  3.4
Evocations     | |  1.1

Action                   |  1- 3 |  4- 6 || total
-------------------------+-------+-------++-------
Melee: Whip              |    55 |       ||    55
       Mace              |    66 |   118 ||   184
       Punch             |     1 |       ||     1
Throw: Stone             |       |    23 ||    23
 Abil: Hop               |       |     1 ||     1
  Use: Potion            |       |     2 ||     2
 Stab: Sleeping          |     4 |       ||     4
       Distracted        |     1 |       ||     1
  Eat: Chunk             |     3 |     3 ||     6
Armor: Robe              |    25 |       ||    25
       Ring mail         |     9 |    36 ||    45
Dodge: Dodged            |    69 |    73 ||   142

Table legend:
 A = Spawn XP
 B = Non-spawn XP
 C = Spawn XP percentage of total XP
 D = Spawn monster count
 E = Non-spawn monster count
 F = Spawn count percentage of total count
 G = Total turns spent on level
                    A         B        C        D         E        F      G
               +---------+---------+-------+---------+---------+-------+---------
         Total |       0 |     193 |   0.0 |       0 |      63 |   0.0 |  2528
               +---------+---------+-------+---------+---------+-------+---------
           D:1 |       0 |      72 |   0.0 |       0 |      27 |   0.0 |  1574
           D:2 |       0 |      92 |   0.0 |       0 |      26 |   0.0 |   739
           D:3 |       0 |      29 |   0.0 |       0 |      10 |   0.0 |   215
               +---------+---------+-------+---------+---------+-------+---------
